 Dungeon Crawl Stone Soup version 0.28-a0-1117-g0bdd5ba030 (webtiles) character file.

Game seed: 15186097648795119298

183 fragbeetle the Insei (level 5, -8/38 HPs)
             Began as a Merfolk Transmuter on Dec 12, 2021.
             Killed from afar by Ijyb (12 damage)
             ... with an iceblast
             ... on level 3 of the Dungeon.
             The game lasted 00:09:53 (3617 turns).

fragbeetle the Insei (Merfolk Transmuter)           Turns: 3617, Time: 00:09:53

Health: -8/38      AC:  3    Str: 12    XL:     5   Next: 62%
Magic:  8/8        EV: 13    Int: 13    God:
Gold:   88         SH:  0    Dex: 14    Spells: 1/9 levels left

rFire   . . .      SeeInvis .     - Unarmed
rCold   . . .      Faith    .   (no shield)
rNeg    . . .      Spirit   .   a - +0 robe
rPois   .          Reflect  .   (helmet currently unavailable)
rElec   .          Harm     .   (no cloak)
rCorr   .          Rampage  .   l - +0 pair of gloves
Will    .....                   (boots currently unavailable)
Stlth   +.........              (no amulet)
HPRegen 0.12/turn               (no ring)
MPRegen 0.11/turn               (no ring)

@: appendages (expiring)
A: horns 2, (nimble swimmer 2), mertail
a: End Transformation


You were on level 3 of the Dungeon.
You had temporarily grown beastly horns.
You visited 1 branch of the dungeon, and saw 3 of its levels.

You collected 88 gold pieces.

Inventory:

Missiles
 d - 164 stones
Armour
 a - a +0 robe (worn)
 l - a +0 pair of gloves (worn)
Wands
 m - a wand of flame (12)
Scrolls
 b - 4 scrolls of noise {unknown}
 c - a scroll of acquirement {unknown}
 e - 2 scrolls of teleportation {unknown}
 h - a scroll of fog {unknown}
 i - a scroll of enchant weapon {unknown}
 k - a scroll of identify {unknown}
Potions
 g - a potion of lignification {unknown}
 j - a potion of resistance {unknown}


   Skills:
 * Level 2.2 Fighting
 + Level 3.3 Dodging
 + Level 0.3 Stealth
 + Level 4.3 Unarmed Combat
 + Level 2.5 Spellcasting
 * Level 4.2 Transmutations
 * Level 0.7 Ice Magic
 * Level 1.7 Poison Magic


You had one spell level left.
You knew the following spells:

 Your Spells              Type           Power      Damage    Failure   Level
a - Beastly Appendage     Tmut           24%        N/A       4%          1
b - Spider Form           Tmut/Pois      9%         N/A       21%         3
c - Ice Form              Ice/Tmut       8%         N/A       65%         4

Your spell library contained the following spells:

 Spells                   Type           Power      Damage    Failure   Level
 Sandblast                Erth           2%         2d4       24%         1
 Shock                    Conj/Air       4%         1d3       24%         1
 Wereblood                Tmut           12%        N/A       6%          2
 Passwall                 Tmut/Erth      5%         N/A       16%         2
 Static Discharge         Conj/Air       1%         N/A       36%         2
 Stone Arrow              Conj/Erth      2%         3d7       58%         3
 Swiftness                Air            1%         N/A       58%         3
 Airstrike                Air            0%         N/A       94%         4
 Lightning Bolt           Conj/Air       0%         1d11      100%        5
 Maxwell's Capacitive Co  Air            0%         ∞         100%        8


Dungeon Overview and Level Annotations

Branches:
Dungeon (3/15)

Altars:

Annotations:
D:3 Ijyb


Innate Abilities, Weirdness & Mutations

You have temporarily grown beastly horns.
((You are quick and stealthy near water. (Stealth+, EV+, Speed+++)))
Your lower body shifts to a powerful aquatic tail in water.


Message History

You hit the worm.
The worm is severely wounded.
You hit the worm.
You kill the worm!
d - 164 stones (gained 14)
Your transformation is almost over.
b - 4 scrolls labelled SEDULY FISYM (gained 3)
Your horns disappear.
You start resting.
HP restored.
As you open the door, it creaks loudly!
A hobgoblin comes into view.
The hobgoblin shouts!
Casting: Beastly Appendage (safe; 4% risk of failure)
Confirm with . or Enter, or press ? or * to list all spells.
You grow a pair of large bovine horns.
An orc comes into view. It is wielding a +0 dagger.
You hit the hobgoblin.
You kill the hobgoblin!
Your transformation is almost over.
You punch the orc!
You kill the orc!
Things that are here:
a +0 dagger; an orc corpse Your horns disappear.
A kobold comes into view. It is wielding a +0 whip.
Casting: Beastly Appendage (safe; 4% risk of failure)
Confirm with . or Enter, or press ? or * to list all spells.
You grow a pair of large bovine horns.
The kobold shouts!
You closely miss the kobold. You headbutt the kobold.
You kill the kobold!
Ijyb the Twisted Goblin comes into view.
She is wielding a +0 club and carrying a wand of iceblast (12).
Ijyb zaps a wand.
The mass of ice explodes!
The iceblast engulfs you!!
You hear an angry hiss.
Ijyb zaps a wand.
The mass of ice explodes!
The iceblast engulfs you!
* * * LOW HITPOINT WARNING * * *
Your transformation is almost over.
Ijyb zaps a wand.
The mass of ice explodes!
The iceblast engulfs you!
You die...

......#.####..######## #.#
...................... #.#
..............######## #.#
......#.#.###.# #.#
........#.###.#### #.#
)<...............# #.#
.#...........)##.#########.
......>....#...............
.#....####.#...#@######....
.#....# ##.#.....# .....#
......# .........# .....
.#....# .........# ...
.^....##.#.......###'##..#
..........g.......#
......)............
.........#####.....
##........ ....


You could see Ijyb.

Vanquished Creatures
  A scorpion (D:3)
  An orc wizard (D:2)
  A gnoll (D:1)
  An adder (D:2)
  A worm (D:3)
  3 dart slugs
  3 orcs (D:3)
  3 endoplasms
  3 giant cockroaches
  7 goblins
  9 hobgoblins
  2 jackals (D:1)
  8 kobolds
  4 quokkas
  6 ball pythons
  4 bats
  2 frilled lizards (D:1)
  4 rats
63 creatures vanquished.

Notes
Turn   | Place    | Note
-------+----------+-------------------------------------------
     0 | D:1      | fragbeetle the Merfolk Transmuter began the quest for the
                  | Orb.
     0 | D:1      | Reached XP level 1. HP: 15/15 MP: 3/3
    62 | D:1      | Found a faded altar of an unknown god.
   251 | D:1      | Reached XP level 2. HP: 21/21 MP: 3/5
   629 | D:1      | Reached XP level 3. HP: 26/27 MP: 6/6
   636 | D:1      | Learned a level 3 spell: Spider Form
  2028 | D:2      | Reached XP level 4. HP: 25/33 MP: 5/7
  2227 | D:2      | Reached skill level 1 in Poison Magic
  3071 | D:3      | Learned a level 4 spell: Ice Form
  3129 | D:3      | Noticed a scorpion
  3151 | D:3      | Killed a scorpion
  3152 | D:3      | Reached XP level 5. HP: 6/38 MP: 6/8
  3609 | D:3      | Noticed Ijyb
  3617 | D:3      | Killed from afar by Ijyb

Illustrated notes

Levels and vault maps discovered:
D:1:      dpeg_arrival_short_road, layout_basic,
          chequers_ecumenical_altar_twisty, minmay_fountain_box,
          minmay_tetromino_i4
D:2:      layout_loops_ring
D:3:      layout_basic, uniq_ijyb

Skill      XL: |  1  2  3  4 |
---------------+-------------+-----
Dodging        | 3 |  3.3
Transmutations | 3 4 |  4.2
Poison Magic   | 1 |  1.7
Fighting       | 2 |  2.2
Unarmed Combat | 4 |  4.3
Stealth        | |  0.3
Spellcasting   | |  2.5
Ice Magic      | |  0.7

Action                   |  1- 3 |  4- 6 || total
-------------------------+-------+-------++-------
Melee: Unarmed           |   115 |    74 ||   189
       Headbutt          |    18 |    13 ||    31
       Punch             |     1 |     3 ||     4
 Cast: Beastly Appendage |    24 |    18 ||    42
  Use: Potion            |       |     2 ||     2
Armor: Robe              |    12 |    12 ||    24
Dodge: Dodged            |    83 |    32 ||   115

Table legend: (Time is in decaauts)
 A = Elapsed time spent in this place.
 B = Non-inter-level travel time spent in this place.
 C = Inter-level travel time spent in this place.
 D = Time resting spent in this place.
 E = Time spent auto-exploring this place.
 F = Levels seen in this place.
 G = Mean time per level.
                   A        B        C        D        E       F      G
               +--------+--------+--------+--------+--------+-----+--------+
         Total |   3603 |   3438 |    165 |    906 |   1344 |   3 | 1201.0 |
       Dungeon |   3603 |   3438 |    165 |    906 |   1344 |   3 | 1201.0 |
               +--------+--------+--------+--------+--------+-----+--------+

Top non-repeatable levels by time:
     D:1: 1928 daAuts
     D:2: 863 daAuts
     D:3: 812 daAuts
